 Dungeon Crawl Stone Soup version 0.32-a0-799-g95e1662365 (webtiles) character file.

Game seed: 11087559663148965726

107 smashvw the Shooter (level 4, -1/38 HPs)
             Began as a Minotaur Hunter on Mar 22, 2024.
             Slain by a quokka (4 damage)
             ... on level 3 of the Dungeon.
             The game lasted 00:03:48 (1684 turns).

smashvw the Shooter (Minotaur Hunter)               Turns: 1684, Time: 00:03:48

Health: -1/38      AC:  5    Str: 15    XL:     4   Next: 57%
Magic:  3/3        EV: 10    Int:  6    God:
Gold:   132        SH:  0    Dex: 16    Spells: 3/3 levels left

rFire   . . .        a - +0 shortbow
rCold   . . .        (shield currently unavailable)
rNeg    . . .        d - +0 ring mail
rPois   .            (helmet restricted)
rElec   .            (no cloak)
rCorr   .            (no gloves)
SInv    .            (no boots)
Will    .....        (no amulet)
Stlth   +            (no ring)
HPRegen 0.26/turn    (no ring)
MPRegen 0.08/turn

%: no passive effects
@: mighty
A: horns 2, retaliatory headbutt
a: no special abilities


You were on level 3 of the Dungeon.
You visited 1 branch of the dungeon, and saw 3 of its levels.

You collected 132 gold pieces.

Inventory:

Hand Weapons
 a - a +0 shortbow (weapon)
 i - a +0 short sword of electrocution
Armour
 d - a +0 ring mail (worn)
Jewellery
 e - a ring of ice
Wands
 l - a wand of mindburst (9)
Scrolls
 b - a scroll of butterflies
 c - 2 scrolls of blinking {unknown}
 f - a scroll of revelation {unknown}
 g - a scroll of identify {unknown}
 h - a scroll of brand weapon {unknown}
 m - a scroll of teleportation {unknown}
 n - a scroll of immolation {unknown}
Potions
 k - a potion of resistance {unknown}


   Skills:
 + Level 3.3 Fighting
 * Level 5.3 Ranged Weapons
 + Level 3.1 Dodging
 + Level 1.8 Stealth


You had 3 spell levels left.
You didn't know any spells.
Your spell library was empty.

Dungeon Overview and Level Annotations

Branches:
Dungeon (3/15)

Altars:


Innate Abilities, Weirdness & Mutations

You have a pair of horns on your head.
You reflexively headbutt those who attack you in melee.


Message History

The orc shouts!
The arrow hits the orc priest.
The orc priest is lightly wounded.
You hear a shout!
The quokka closely misses you. The orc priest hits you with a +0 whip.
You shoot an arrow. The arrow hits the orc priest.
The orc priest is heavily wounded.
The quokka bites you. The orc completely misses you.
The orc priest casts a cantrip, but nothing happens.
The quokka bites you but does no damage.
You shoot an arrow. The arrow barely misses the orc priest.
The orc priest shouts, "Surrender to Beogh and we'll let you live!"
The orc hits you with a +0 short sword. The orc priest misses you.
You furiously retaliate!
You headbutt the orc priest!
You kill the orc priest!
The orc barely misses you.
The quokka bites you but does no damage.
An orc comes into view. It is wielding a +0 short sword.
The orc shouts!
The orc hits you with a +0 short sword. The orc closely misses you.
The quokka bites you.
Things that are here:
a +0 whip; an orc corpse You shoot an arrow.
The arrow hits the orc!
The orc is almost dead.
The quokka bites you but does no damage.
The orc hits you but does no damage. The quokka bites you.
* * * LOW HITPOINT WARNING * * *
The orc hits you but does no damage. The orc hits you with a +0 short sword.
* * * LOW HITPOINT WARNING * * *
The quokka bites you.
* * * LOW HITPOINT WARNING * * *
The orc hits you but does no damage.
You see here a dart slug corpse.
The quokka bites you but does no damage.
The orc attacks as it pursues you! The orc hits you but does no damage.
It was a potion of might.
You feel very mighty all of a sudden. The quokka bites you.
You die...

.> . #.##
###..
..##...
#.... #..#
##).#
.#####.o.#
......^r###
...####.@.#
. ###...#
##..# ....
... .. .


You could see an orc and a quokka.

Vanquished Creatures
  A hound (D:2)
  An orc priest (D:3)
  5 dart slugs
  2 ball pythons (D:2)
  6 endoplasms
  3 giant cockroaches
  3 hobgoblins (D:1)
  5 kobolds
  2 quokkas (D:2)
  3 bats (D:2)
  6 frilled lizards
  3 rats
40 creatures vanquished.

Notes
Turn   | Place    | Note
-------+----------+-------------------------------------------
     0 | D:1      | smashvw the Minotaur Hunter began the quest for the Orb.
     0 | D:1      | Reached XP level 1. HP: 18/18 MP: 0/0
    64 | D:1      | Reached skill level 1 in Stealth
   104 | D:1      | Reached XP level 2. HP: 25/25 MP: 1/1
   450 | D:1      | Found a faded altar of an unknown god.
  1151 | D:2      | Reached XP level 3. HP: 30/30 MP: 2/2
  1201 | D:2      | Reached skill level 5 in Ranged Weapons
  1428 | D:2      | Reached XP level 4. HP: 38/38 MP: 3/3
  1684 | D:3      | Slain by a quokka

Illustrated notes

Levels and vault maps discovered:
D:1:      psy_arrival_heroes, layout_basic,
          dreamdust_ecumenical_altar_hidden_monk_grotto
D:2:      layout_rooms
D:3:      layout_rooms, chequers_temple_overflow_statue_of_worship,
          serial_shops, nicolae_shop_just_a_little_nook, minmay_snake_closets

Skill      XL: |  1  2  3  4 |
---------------+-------------+-----
Stealth        | 1 |  1.8
Fighting       | 3 |  3.3
Ranged Weapons | 5 |  5.3
Dodging        | 3 |  3.1

Action                     |  1- 3 |  4- 6 || total
---------------------------+-------+-------++-------
   Fire: Shortbow          |    83 |    20 ||   103
    Use: Potion            |       |     1 ||     1
 Armour: Ring mail         |    15 |    23 ||    38
  Dodge: Dodged            |    26 |     9 ||    35

Table legend: (Time is in decaauts)
 A = Elapsed time spent in this place.
 B = Non-inter-level travel time spent in this place.
 C = Inter-level travel time spent in this place.
 D = Time resting spent in this place.
 E = Time spent auto-exploring this place.
 F = Levels seen in this place.
 G = Mean time per level.
                   A        B        C        D        E       F      G
               +--------+--------+--------+--------+--------+-----+--------+
         Total |   1711 |   1652 |     59 |      0 |   1404 |   3 |  570.3 |
       Dungeon |   1711 |   1652 |     59 |      0 |   1404 |   3 |  570.3 |
               +--------+--------+--------+--------+--------+-----+--------+

Top non-repeatable levels by time:
     D:1: 1164 daAuts
     D:2: 532 daAuts
     D:3: 14 daAuts
